Zack, lawful male human Hoplite ---- --- |..| ---.--.-- |..| |.......| -----.| |.......- |.....| |........ |.---.--- ---.-...-- |.| |....| -......| |.| |.--... --.......- |.| |.[. |........ |.| |.*.. |......@.....| -.... ---..........| |.....---.. -->.....-- ---....|... |.....- ----..... ---..| --... ---- --)... |.).- |<..| |..-- |..| --- Zack the Hoplite Experience level: 5 Strength: 18/01 Dexterity: 14 Constitution: 18 Intelligence: 7 Wisdom: 6 Charisma: 10 Health: 56(60) Energy: 13(13) Def: 9 Gold: 592 Moves: 1304 Dungeon seed [set]: Game ID: Zack_1642938431 Your Inventory: Coins $ - 592 gold pieces Weapons a - a blessed corroded +3 spear (weapon in hand) b - an uncursed +0 dagger x - 3 cursed -5 daggers Armor e - an uncursed +2 small shield (being worn) N - an uncursed +0 splint mail (being worn) Comestibles d - 3 uncursed food rations h - 2 uncursed tripe rations k - an uncursed sprig of wolfsbane l - an uncursed lichen corpse p - an uncursed lembas wafer Scrolls j - an uncursed scroll of magic mapping m - an uncursed scroll of light s - an uncursed scroll of scare monster t - an uncursed scroll of identify u - an uncursed scroll of destroy armor C - a cursed scroll of magic mapping D - a blessed scroll of light E - an uncursed scroll of gold detection Potions o - a blessed potion of hallucination z - an uncursed potion of restore ability A - an uncursed potion of hallucination B - an uncursed potion of water Rings w - an uncursed ring of cold resistance Wands c - an uncursed wand of cold (0:4) i - an uncursed wand of striking (0:6) v - an uncursed wand of light (0:15) Tools f - an uncursed oil lamp (0:1043) g - an uncursed lock pick Gems n - an uncursed jasper q - 2 uncursed fluorites y - 2 uncursed emeralds Spells and supernatural/magical abilities: Name Level Category Fail Memory W - pray for help -- divine ? -- Your skills at the end: Miscellaneous Skills shield [Basic] wands [Basic] stealth [Basic] Weapon Skills dagger [Basic] spear [Basic] Spellcasting Skills Final Attributes: You were fervently aligned. You were cold resistant. You were somewhat stealthy. You were fast. You survived. Vanquished creatures: 2 gnome lords a black naga hatchling a giant ant a puppy 2 killer bees an acid blob a large kobold 2 hobgoblins a yellow mold a green mold 14 gnomes 6 jackals 3 newts 2 goblins a sewer rat a grid bug 5 lichens a kobold zombie 46 creatures vanquished. Voluntary challenges: You did not adorn yourself with jewelry or accessories. You did not cause conflict. You were not invisible. You did not have reflection. You were not displaced. You were an atheist. You used a wielded weapon 48 times, starting on turn 12. You did not apply a unicorn horn. You did not use plumbed fixtures. You did not drink any magical draughts. You were illiterate. You never genocided any monsters. You never polymorphed an object. You never changed form. You used no wishes. You did not use any artifacts. You never split a pudding. You never wrote Elbereth's name. You never violated your personal moral code. Dungeon overview: The Dungeons of Doom: levels 1 to 3 Level 1 a fountain a long staircase Level 2 some fountains Level 3 a sink stairs to The Gnomish Mines The Gnomish Mines: levels 4 to 6 Level 4 <- You were here stairs to The Dungeons of Doom Level 5 Level 6 History has recorded: On T:1 you entered the Dungeons of Doom to retrieve the Amulet of Yendor! On T:346 you reached level 2 of The Dungeons of Doom. On T:448 you advanced to experience level 2. On T:632 you reached level 3 of The Dungeons of Doom. On T:692 you advanced to experience level 3. On T:1004 you reached level 1 of The Gnomish Mines. On T:1036 you advanced to experience level 4. On T:1088 you reached level 2 of The Gnomish Mines. On T:1132 you reached level 3 of The Gnomish Mines. On T:1133 you advanced to experience level 5. Score breakdown: Gold: 592 ( 59 points) Experience: 5 levels ( 400 points) Exploration: 6 levels ( 150 points) Discoveries: 15 items ( 750 points) Variety of kills: 18 monsters ( 900 points) Major goal: (nothing yet) ( 0 points) Survival: quit (score multiplied by 3) Total score: 6777 Latest messages: You drop a scale mail. Your movements are now unencumbered. You start equipping your splint mail. You take off your leather armor. You are now wearing a splint mail. You drop an uncursed +0 leather armor. You kill the gnome! There are a few objects here. n - a red gem. You kill the gnome! There are a few objects here. You see here a black naga hatchling corpse. An arrow shoots out at you! You are hit by an arrow! There are a few objects here. To quit the game, use the 'save' command (typically on 'S'). Final status: Goodbye Zack the Hoplite, quit... You quit in The Gnomish Mines on dungeon level 4 with 6777 points, and 592 pieces of gold, after 1304 moves. You were level 5 with a maximum of 60 hit points when you quit.